 Dungeon Crawl Stone Soup version 0.24.0-13-gcf9b319 (webtiles) character file.

Game seed: 10864710822694288528, levelgen mode: deterministic

27 wrhowe the Skirmisher (level 2, 0/24 HPs)
             Began as a Demonspawn Abyssal Knight on Jan 2, 2020.
             Was a Follower of Lugonu.
             Killed from afar by Natasha (11 damage)
             ... with a magic dart
             ... on level 2 of the Dungeon.
             The game lasted 00:06:32 (765 turns).

wrhowe the Skirmisher (Demonspawn Abyssal Knight)    Turns: 765, Time: 00:06:35

Health: 0/24       AC:  4    Str: 12    XL:     2   Next: 93%
Magic:  3/3        EV: 11    Int: 13    God:    Lugonu [*.....]
Gold:   87         SH:  0    Dex: 12    Spells: 1/1 levels left

rFire    + . .     SeeInvis .   a - +1 spear
rCold    . . .     Gourm    .   (no shield)
rNeg     . . .     Faith    .   b - +0 leather armour
rPois    .         Spirit   .   (no helmet)
rElec    .         Reflect  .   (no cloak)
rCorr    .         Harm     .   (no gloves)
MR       .....                  (no boots)
Stlth    +.........             (no amulet)
HPRegen  0.08/turn              f - ring of protection from fire
MPRegen  0.08/turn              (no ring)

@: no status effects
A: rugged brown scales 1
a: Depart the Abyss, Renounce Religion


You were on level 2 of the Dungeon.
You worshipped Lugonu.
Lugonu was aware of your devotion.
You were not hungry.

You visited 1 branch of the dungeon, and saw 2 of its levels.
You visited the Abyss 1 time.

You collected 87 gold pieces.

Inventory:

Hand Weapons
 a - a +1 spear (weapon)
Missiles
 g - 5 boomerangs (quivered)
Armour
 b - a +0 leather armour (worn)
Jewellery
 f - a ring of protection from fire (left hand)
Scrolls
 e - a scroll of random uselessness
 h - a scroll of blinking {unknown}
 k - a scroll of teleportation
Potions
 d - 2 potions of invisibility {unknown}
 j - a potion of curing {unknown}
 l - a potion of heal wounds {unknown}
Comestibles
 c - 6 rations


   Skills:
 + Level 3.4 Fighting
 + Level 1.9 Polearms
 + Level 2.5 Armour
 + Level 0.9 Dodging
 + Level 2.6 Invocations


You had one spell level left.
You didn't know any spells.
Your spell library was empty.

Dungeon Overview and Level Annotations

Branches:
Dungeon (2/15)

Altars:

Annotations:
D:2 Natasha


Innate Abilities, Weirdness & Mutations

You are partially covered in rugged brown scales. (AC +1, +3% HP)


Message History

Press: ? - help, Shift-Dir - straight line, f/p - Natasha
Aim: Natasha You throw a boomerang.
The boomerang barely misses Natasha.
Throwing (i - inventory)
g - 5 boomerangs (quivered)
Press: ? - help, Shift-Dir - straight line, f/p - Natasha
Aim: Natasha You throw a boomerang.
The boomerang barely misses Natasha.
Natasha casts a spell at you. The magic dart hits you.
You barely miss Natasha. Natasha closely misses you.
You hit Natasha but do no damage. Natasha misses you.
You closely miss Natasha. Natasha claws you.
You miss Natasha. Natasha misses you.
You hit Natasha.
Natasha is moderately wounded.
Natasha wildly gestures.
Natasha's front paws start to glow.
Natasha stares at you and mumbles some strange words.
The magic dart hits you!
You die...

### ##.. ### ###
.... ..# ...
....#######.##.##
#....<........
####...††##..#.#.##
#.....#....@.......
#.##.#_#..##h#.#.#.
# #..#..## ...
#.....# .#.#
##...... .....
##.#####.. .#. #.
... . . #. ... #.
#.


You could see Natasha.

Vanquished Creatures
  An ooze (D:1)
  A worm (D:2)
  2 bats
  3 goblins
  2 hobgoblins (D:1)
  2 jackals
  A ball python (D:1)
  2 frilled lizards
  6 kobolds (D:1)
  2 rats (D:1)
22 creatures vanquished.

Notes
Turn   | Place    | Note
-------+----------+-------------------------------------------
     0 | Abyss:1  | wrhowe the Demonspawn Abyssal Knight began the quest for
                  | the Orb.
     0 | Abyss:1  | Reached XP level 1. HP: 18/18 MP: 2/2
    27 | Abyss:1  | Noticed a smoke demon
    28 | Abyss:1  | Found a transporter.
    29 | Abyss:1  | Noticed a starcursed mass
    30 | Abyss:1  | Found a corrupted altar of Lugonu.
    30 | Abyss:1  | Noticed a glowing orange brain
    30 | Abyss:1  | Noticed an elephant
    30 | Abyss:1  | a glowing orange brain changed into an elephant
    31 | Abyss:1  | Noticed a wretched star
    31 | Abyss:1  | Noticed a wretched star
    31 | Abyss:1  | Noticed a small abomination
    31 | Abyss:1  | Noticed a tentacled starspawn
    32 | Abyss:1  | Noticed an ancient zyme
    34 | Abyss:1  | Noticed a dream sheep
    34 | Abyss:1  | an elephant changed into a dream sheep
    35 | Abyss:1  | Noticed a cyclops
    35 | Abyss:1  | a dream sheep changed into a cyclops
    36 | Abyss:1  | Noticed an eye of draining
    36 | Abyss:1  | a cyclops changed into an eye of draining
   104 | Abyss:1  | Noticed a white very ugly thing
   125 | D:1      | Escaped the Abyss
   447 | D:1      | Gained mutation: You are partially covered in rugged brown
                  | scales. (AC +1, +3% HP) [demonic ancestry]
   447 | D:1      | Reached XP level 2. HP: 15/24 MP: 3/3
   467 | D:1      | Reached * piety under Lugonu
   701 | D:2      | Found a faded altar of an unknown god.
   757 | D:2      | Noticed Natasha
   765 | D:2      | Killed from afar by Natasha

Levels and vault maps discovered:
D:1:      roderic_crossed_star, layout_basic
D:2:      layout_loops_ring, amethyst_overflow_temple_binary,
          chequers_ecumenical_altar_simple, uniq_natasha

Skill      XL: |  1 |
---------------+----+-----
Armour         | 2 |  2.5
Fighting       | |  3.4
Polearms       | |  1.9
Dodging        | |  0.9
Invocations    | |  2.6

Action                   || total
-------------------------++-------
Melee: Spear             ||    88
Throw: Boomerang         ||     6
Invok: Depart the Abyss  ||     1
  Use: Scroll            ||     4
Armor: Leather armour    ||    24
Dodge: Dodged            ||    53
